 Dungeon Crawl Stone Soup version 0.30-a0-1160-g6e42c06551 (webtiles) character file.

Game seed: 11916467273885313704

4 kae the Insei (level 1, 0/15 HPs)
             Began as a Demigod Transmuter on Apr 25, 2023.
             Slain by a giant cockroach (1 damage)
             ... on level 1 of the Dungeon.
             The game lasted 00:00:18 (210 turns).

kae the Insei (Demigod Transmuter)                   Turns: 210, Time: 00:00:19

Health: 0/15       AC:  2    Str: 11    XL:     1   Next: 46%
Magic:  5/5        EV: 12    Int: 15    God:
Gold:   0          SH:  0    Dex: 14    Spells: 3/4 levels left

rFire   . .          .
                       - Unarmed
rCold   . . .        (no shield)
rNeg    . . .        a - +0 robe
rPois   .            (no helmet)
rElec   .            (no cloak)
rCorr   .            (no gloves)
SInv    .            (no boots)
Will    .....        (no amulet)
Stlth   +            (no ring)
HPRegen 0.22/turn    (no ring)
MPRegen 0.09/turn

%: no passive effects
@: no status effects
A: high MP 1, forlorn, divine attributes
a: no special abilities


You were on level 1 of the Dungeon.
You visited 1 branch of the dungeon, and saw 1 of its levels.


Innate Abilities, Weirdness & Mutations

You have an increased reservoir of magic. (+10% MP)
You shall have no god before yourself.
Your divine heritage dramatically boosts your attributes as you level up.


   Skills:
 - Level 0.8 Fighting
 - Level 1.7 Dodging
 - Level 2.6 Unarmed Combat
 + Level 2.0 Spellcasting
 + Level 2.0 Transmutations


You had 3 spell levels left.
You knew the following spells:

 Your Spells              Type           Power      Damage    Failure   Level
a - Beastly Appendage     Tmut           14%        N/A       10%         1

Your spell library contained the following spells:

 Spells                   Type           Power      Damage    Failure   Level
 Wereblood                Tmut           7%         N/A       14%         2
 Spider Form              Tmut/Pois      4%         N/A       41%         3
 Ice Form                 Ice/Tmut       4%         N/A       82%         4

Inventory:

Armour
 a - a +0 robe (worn)
Scrolls
 c - a scroll of torment {unknown}
 d - a scroll of identify {unknown}
Potions
 b - a potion of lignification {!q}

Dungeon Overview and Level Annotations

Branches:
Dungeon (1/15) Zot: 5790

Shops:
D:1

(? #.################
####.......##.......#
.....#####.##.####
...).##..........# #
.....##.##.##.##.##.###
.#......##.##.#.......#
.......###.##.#..##.#.#
###...####.##.......#
##.......####†@B.##
#.####### #.##.# #.# #.
.# #+# #. .. ## ##


You could see a giant cockroach.


Message History

You take 1 damage, and now have 14/15 hp.
There are monsters nearby!
You completely miss the goblin. The goblin barely misses you.
The giant cockroach bites you.
You completely miss the hobgoblin. Your headbutt misses the hobgoblin.
The hobgoblin hits you.
The giant cockroach waves its antennae.
The giant cockroach barely misses you. The goblin closely misses you. 😕 HP[-1]
You take 1 damage, and now have 13/15 hp.
There are monsters nearby!
You hit the hobgoblin.
Your transformation is almost over.
The giant cockroach closely misses you. The goblin hits you with a +0 dagger.
The hobgoblin closely misses you.
You closely miss the hobgoblin.
You claw the hobgoblin, but do no damage.
The giant cockroach closely misses you. The goblin closely misses you.
The hobgoblin barely misses you. 😮 HP[-2]
You take 2 damage, and now have 11/15 hp.
Unknown command.
You closely miss the hobgoblin. The giant cockroach closely misses you.
The hobgoblin hits you. The goblin closely misses you.
You are too injured to fight recklessly! 😮 HP[-1]
You take 1 damage, and now have 10/15 hp.
You barely miss the hobgoblin. You claw the hobgoblin.
You kill the hobgoblin!
The giant cockroach bites you.
The goblin hits you with a +0 dagger. 😮 HP[-2]
You take 2 damage, and now have 8/15 hp.
Unknown command.
You closely miss the goblin. Your kick misses the goblin.
The giant cockroach bites you but does no damage.
The giant cockroach bites you. The goblin misses you.
Unknown command.
You barely miss the goblin. Your kick misses the goblin.
The giant cockroach bites you.
* * * LOW HITPOINT WARNING * * *
The goblin closely misses you. 😨 HP[-1] MP[+1]
You take 1 damage, and now have 7/15 hp.
Your mp is fully restored (5).
You closely miss the goblin. You claw the goblin.
The giant cockroach barely misses you. The goblin hits you with a +0 dagger.
* * * LOW HITPOINT WARNING * * *
😨 HP[-2]
You take 2 damage, and now have 5/15 hp.
Unknown command.
You hit the goblin.
You kill the goblin!
The giant cockroach barely misses you.
Your Spellcasting skill increases to level 2!
Your Transmutations skill increases to level 2!
Your horns disappear.
Your talons disappear.
The giant cockroach barely misses you.
You see here a +0 dagger.
Unknown command.
You barely miss the giant cockroach. The giant cockroach bites you.
* * * LOW HITPOINT WARNING * * *
The giant cockroach barely misses you.
You completely miss the giant cockroach.
The giant cockroach bites you.
* * * LOW HITPOINT WARNING * * *
😨 HP[-1]
You take 1 damage, and now have 4/15 hp.
Unknown command.
You hit the giant cockroach but do no damage.
The giant cockroach closely misses you.
You hit the giant cockroach but do no damage.
The giant cockroach closely misses you.
You closely miss the giant cockroach.
The giant cockroach closely misses you. 😨 HP[+1]
You closely miss the giant cockroach. The giant cockroach closely misses you.
Unknown command.
You hit the giant cockroach but do no damage.
The giant cockroach closely misses you.
You hit the giant cockroach. The giant cockroach closely misses you.
You barely miss the giant cockroach.
The giant cockroach bites you but does no damage.
The giant cockroach completely misses you.
You hit the giant cockroach.
The giant cockroach barely misses you. 😨 HP[+1]
You closely miss the giant cockroach. The giant cockroach bites you.
* * * LOW HITPOINT WARNING * * *
😨 HP[-2]
You take 2 damage, and now have 4/15 hp.
You hit the giant cockroach but do no damage.
The giant cockroach misses you.
You hit the giant cockroach but do no damage.
The giant cockroach closely misses you.
You closely miss the giant cockroach. The giant cockroach bites you.
* * * LOW HITPOINT WARNING * * *
😱 HP[-2]
You take 2 damage, and now have 2/15 hp.
You hit the giant cockroach. The giant cockroach bites you.
* * * LOW HITPOINT WARNING * * *
The giant cockroach bites you.
You die...

Skill      XL: |  1 |
---------------+----+-----
Spellcasting   | 2 |  2.0
Transmutations | 2 |  2.0
Fighting       | |  0.8
Dodging        | |  1.7
Unarmed Combat | |  2.6

Action                     || total
---------------------------++-------
  Melee: Unarmed           ||    34
         Kick              ||     3
   Cast: Beastly Appendage ||     3
 Armour: Robe              ||     5
  Dodge: Dodged            ||    29

Levels and vault maps discovered:
D:1:      psy_arrival_terrarium, layout_loops_corners, serial_shops, shop,
          nicolae_shop_crystal, nicolae_shop_competitors_out_of_business

Notes
Turn   | Place    | Note
-------+----------+-------------------------------------------
     0 | D:1      | kae the Demigod Transmuter began the quest for the Orb.
     0 | D:1      | Reached XP level 1. HP: 15/15 MP: 5/5
     0 | D:1      | magus.rc [v1.11.3]
     7 | D:1      | Found Atiwuf's Magic Scroll Shoppe.
    26 | D:1      | Found Paniroq's Weapon Emporium.
   195 | D:1      | Reached skill level 2 in Spellcasting
   195 | D:1      | Reached skill level 2 in Transmutations
   209 | D:1      | HP: 2/15 [giant cockroach (2)]
   210 | D:1      | Slain by a giant cockroach

Vanquished Creatures
  A goblin (D:1)
  A hobgoblin (D:1)
  2 frilled lizards (D:1)
  A rat (D:1)
5 creatures vanquished.

Table legend:
 A = Non-vault XP
 B = Vault XP
 C = Vault XP percentage of total XP
 D = Non-vault monster count
 E = Vault monster count
 F = Vault count percentage of total count
                 A         B        C        D         E       F
            +---------+---------+-------+---------+---------+-------
      Total |       7 |       0 |   0.0 |       5 |       0 |   0.0
            +---------+---------+-------+---------+---------+-------
        D:1 |       7 |       0 |   0.0 |       5 |       0 |   0.0
            +---------+---------+-------+---------+---------+-------

Skill      XL: |  1 |
---------------+----+-----
Spellcasting   | 2 |  2.0
Transmutations | 2 |  2.0
Fighting       | |  0.8
Dodging        | |  1.7
Unarmed Combat | |  2.6

Action                     || total
---------------------------++-------
  Melee: Unarmed           ||    34
         Kick              ||     3
   Cast: Beastly Appendage ||     3
 Armour: Robe              ||     5
  Dodge: Dodged            ||    29

Illustrated notes

Table legend:
 A = Kills in this place as a percentage of kills in the entire game.
 B = Kills by you in this place as a percentage of kills by you in the entire game.
 C = Kills by friends in this place as a percentage of kills by friends in the entire game.
 D = Other kills in this place as a percentage of other kills in the entire game.
 E = Experience gained in this place as a percentage of experience gained in the entire game.
 F = Experience gained in this place divided by the number of levels of this place that you have seen.
                   A       B       C       D       E      F
               +-------+-------+-------+-------+-------+----------------------
         Total | 100.0 | 100.0 |   N/A |   N/A | 100.0 |   7.0
       Dungeon | 100.0 | 100.0 |   N/A |   N/A | 100.0 |   7.0
               +-------+-------+-------+-------+-------+----------------------

Table legend: (Time is in decaauts)
 A = Elapsed time spent in this place.
 B = Non-inter-level travel time spent in this place.
 C = Inter-level travel time spent in this place.
 D = Time resting spent in this place.
 E = Time spent auto-exploring this place.
 F = Levels seen in this place.
 G = Mean time per level.
                   A        B        C        D        E       F      G
               +--------+--------+--------+--------+--------+-----+--------+
         Total |    208 |    208 |      0 |      0 |    148 |   1 |  208.0 |
       Dungeon |    208 |    208 |      0 |      0 |    148 |   1 |  208.0 |
               +--------+--------+--------+--------+--------+-----+--------+

Top non-repeatable levels by time:
     D:1: 208 daAuts
